Map: Backwater LE

Players

Jooby - Winner!

  • Race: Terran Terran
  • League: Diamond
  • Spawn Location: 11:00

A.I. 1 (Very Easy)

  • Race: Terran Terran
  • Spawn Location: 5:00

VOD

Have the link to the VOD?

Description

Time

  • Played on: April 5, 2018, 8:44 a.m.
  • Length: 9:35
Show
View Real Time Build Order
Export as new Build Order

Jooby Terran - Winner!

Build Orders: Cyclone Opening, MMM Bio 

Get SALT Encoding   

  12  0:00  SCV  
  13  0:13  SCV  
  14  0:18  Supply Depot  
  14  0:25  SCV  
  15  0:39  SCV  
  15  0:42  Refinery  
  16  0:51  SCV  
  16  0:56  Barracks  
  17  1:00  Refinery  
  17  1:03  SCV  
  18  1:16  SCV  
  19  1:22  Supply Depot  
  19  1:30  SCV  
  20  1:46  Orbital Command  
  21  1:47  Reaper  
  21  1:49  Factory  
  20  2:14  SCV  
  21  2:26  SCV  
  22  2:34  Starport  
  22  2:35  Cyclone  
  25  2:39  SCV  
  26  2:50  Command Center  
  26  2:52  SCV  
  27  2:59  Supply Depot  
  27  3:05  SCV  
  28  3:10  Cyclone  
  31  3:14  Starport Tech Lab  
  31  3:20  SCV  
  31  3:22  Supply Depot  
  32  3:32  SCV, Cloaking Field  
  33  3:38  Banshee  
  36  3:45  Cyclone  
  36  3:48  SCV  
  40  3:54  Engineering Bay  
  40  4:01  Orbital Command  
  40  4:10  SCV  
  41  4:22  Barracks  
  41  4:26  Barracks, Banshee  
  46  4:31  Widow Mine  
  46  4:35  SCV  
  46  4:36  SCV  
  48  4:47  SCV  
  48  4:48  SCV  
  48  4:49  Terran Infantry Weapons Level 1  
  50  4:52  Refinery  
  50  4:54  Refinery  
  50  4:57  Widow Mine  
  50  4:59  SCV  
  53  5:00  SCV  
  54  5:10  Barracks Tech Lab  
  54  5:11  Supply Depot, SCV  
  54  5:12  SCV  
  56  5:14  Barracks Tech Lab  
  56  5:16  Raven  
  56  5:20  Barracks  
  58  5:23  Barracks  
  58  5:29  Barracks  
  58  5:30  Stimpack  
  58  5:34  SCV x2  
  60  5:48  Marauder x2  
  60  5:49  SCV x2  
  66  5:50  Factory Reactor  
  65  5:58  Supply Depot  
  65  6:01  SCV x2  
  65  6:03  Viking  
  69  6:15  Barracks Reactor x2  
  69  6:16  Barracks Reactor  
  69  6:20  Marauder x2  
  69  6:25  Supply Depot, SCV x2  
  75  6:30  Supply Depot, Combat Shields  
  75  6:37  SCV x2  
  77  6:44  Terran Infantry Armor Level 1  
  77  6:47  Marine x2, Medivac x2  
  77  6:49  SCV x2  
  77  6:50  Supply Depot  
  77  6:53  Marine x3, Supply Depot  
  88  6:58  Siege Tank  
  91  7:10  Marine, Marauder  
  91  7:11  Marine x2  
  91  7:12  Supply Depot, Marauder  
  98  7:16  Supply Depot  
  98  7:19  Medivac x2  
  102  7:31  Concussive Shells  
  102  7:34  Marine x3, Marauder  
  102  7:35  Marine x3  
  110  7:39  Siege Tank  
  110  7:40  Marine  
  110  7:41  SCV  
  115  7:44  Supply Depot  
  115  7:47  Supply Depot  
  115  7:50  Liberator  
  115  7:52  Marine x4  
  115  7:54  Marine  
  115  7:56  Marauder  
  122  7:59  Marauder  
  122  8:05  Liberator  
  124  8:12  Siege Tank  
  130  8:14  Supply Depot  
  130  8:16  Supply Depot  
  130  8:18  Marine x6  
  139  8:33  Marauder  
  141  8:36  Marauder  
  143  8:44  Marine  
  143  8:45  Marine x5  
  149  8:51  Supply Depot  
  149  8:55  Supply Depot, Marauder  
  151  8:57  Marauder  
  151  9:01  Siege Tank  
  151  9:02  Marine  
  157  9:14  Supply Depot  
  160  9:20  Supply Depot  
Show
View Real Time Build Order
Export as new Build Order

A.I. 1 (Very Easy) Terran 

Build Orders:  

Get SALT Encoding   

  12  0:00  SCV  
  13  0:13  SCV  
  14  0:19  Supply Depot  
  14  0:36  Refinery  
  14  0:46  Barracks  
  14  1:05  Supply Depot  
  14  1:11  Refinery  
  14  1:30  SCV  
  15  1:33  Marine  
  16  1:43  SCV  
  17  1:55  SCV  
  18  2:06  Marine  
  18  2:07  SCV  
  20  2:19  SCV  
  21  2:31  SCV  
  22  2:39  Marine  
  23  2:44  Orbital Command  
  23  5:49  Marine, SCV  
  25  5:50  Supply Depot  
  25  5:52  Factory  
  25  6:01  SCV  
  26  6:13  SCV  
  26  6:14  Supply Depot  
  27  6:20  Barracks Tech Lab  
  27  6:25  SCV  
  28  6:37  SCV  
  29  6:41  Starport, Marauder  
  31  6:47  Command Center  
  31  7:13  Marine  
  31  7:16  Starport Tech Lab  
  29  7:36  Raven  
  31  7:44  Marine  
  32  8:00  SCV  
  33  8:07  SCV  
  33  8:10  Refinery  
  33  8:11  Refinery  
  34  8:14  SCV  
  34  8:15  Marine  
  34  8:19  Raven  
  38  8:21  SCV  
  39  8:29  SCV  
  30  8:43  Marine  
  30  8:44  SCV  
  22  8:49  Supply Depot  
  17  8:56  SCV  
  19  9:09  SCV  
  19  9:22  Supply Depot  
Tags
 
Composition
MMM Bio
League
Diamond
Matchup
TvT
Race
Terran
Spawn Locations
Cross Positions
Add a new tag
Caveats
  • Supply blocks, unpowered buildings, or Contaminate may cause inaccurate times.
  • Supply counts are checked every 10 seconds.